 Dungeon Crawl Stone Soup version 0.31-a0-982-g1816016f30 (webtiles) character file.

Game seed: 2756035211885996153

132 Descartes the Shield-Bearer (level 5, -1/42 HPs)
             Began as a Formicid Fighter on Nov 2, 2023.
             Slain by a scorpion (4 damage)
             ... on level 4 of the Dungeon.
             The game lasted 00:04:27 (2481 turns).

Descartes the Shield-Bearer (Formicid Fighter)      Turns: 2481, Time: 00:04:27

Health: -1/42      AC:  7    Str: 34    XL:     5   Next: 38%
Magic:  5/5        EV: 10    Int:  8    God:
Gold:   103        SH:  5    Dex: 13    Spells: 4/4 levels left

rFire   . . .        a - +0 war axe
rCold   . . .        c - +0 buckler
rNeg    . . .        b - +0 scale mail
rPois   .            (helmet unavailable)
rElec   .            (no cloak)
rCorr   .            (no gloves)
SInv    +            (no boots)
Will    .....        (no amulet) Stlth
                     q - +6 ring of strength
HPRegen 0.27/turn    u - +6 ring of strength
MPRegen 0.09/turn

%: no passive effects
@: lethally poisoned (-1 -> -23)
A: permanent stasis, dig shafts and tunnels, antennae 3, four strong arms
a: Dig, Shaft Self


You were on level 4 of the Dungeon.
You visited 1 branch of the dungeon, and saw 4 of its levels.

You collected 103 gold pieces.

Inventory:

Hand Weapons
 a - a +0 war axe (weapon)
 t - the +6 dagger "Dopaz" {heavy, *Rage rElec Will- SInv}
   (You found it on level 3 of the Dungeon)

   rElec:     It insulates you from electricity.
   Will-:     It decreases your willpower.
   SInv:      It lets you see invisible.
   *Rage:     It berserks you when you make melee attacks (+20% chance).
Missiles
 k - 2 throwing nets
 l - 3 curare-tipped darts
Armour
 b - a +0 scale mail (worn)
 c - a +0 buckler (worn)
Jewellery
 q - a +6 ring of strength (left hand)
 u - a +6 ring of strength (right hand)
Scrolls
 f - 4 scrolls of identify {unknown}
 h - 2 scrolls of teleportation {unknown}
 i - 2 scrolls of blinking {unknown}
 j - a scroll of torment {unknown}
 m - a scroll of immolation {unknown}
 n - a scroll of revelation {unknown}
 o - a scroll of enchant armour {unknown}
Potions
 d - a potion of might
 e - a potion of heal wounds {unknown}
 g - 2 potions of attraction {unknown}
 p - a potion of berserk rage {unknown}
 r - a potion of haste {unknown}
 s - 2 potions of brilliance {unknown}


   Skills:
 + Level 4.2 Fighting
 + Level 3.0 Axes
 + Level 4.2 Armour
 + Level 5.0 Shields


You had 4 spell levels left.
You didn't know any spells.
Your spell library contained the following spells:

 Spells                   Type           Power      Damage    Failure   Level
 Sandblast                Erth           0%         2d4       67%         1
 Passwall                 Tmut/Erth      0%         N/A       80%         2
 Sublimation of Blood     Necr           0%         N/A       80%         2
 Stone Arrow              Conj/Erth      0%         3d7       95%         3
 Brom's Barrelling Bould  Conj/Erth      0%         2d3       100%        4
 Passage of Golubria      Tloc           0%         N/A       100%        4
 Petrify                  Tmut/Erth      0%         N/A       100%        4
 Irradiate                Conj/Tmut      0%         3d11      100%        5
 Silence                  Hex/Air        0%         N/A       100%        5
 Lehudib's Crystal Spear  Conj/Erth      0%         10d2      100%        8


Dungeon Overview and Level Annotations

Branches:
Dungeon (4/15)
 Temple: D:4-7

Altars:
Dithmenos

Shops:
D:1 (*(


Innate Abilities, Weirdness & Mutations

You cannot be hasted, slowed, berserked, paralysed or teleported.
You can dig through walls and to a lower floor.
You have a pair of large antennae on your head. (SInv)
Your four strong arms can wield two-handed weapons with a shield.


Message History

There is an open door here.
You see here a ball python corpse.
You sense a monster nearby.
No target in view!
Found a pair of gloves.
No target in view!
No target in view!
Found a mace.
A scorpion comes into view.
Found 14 gold pieces.
You hit the scorpion but do no damage. The scorpion barely misses you.
The scorpion stings you.
You slash the scorpion!
The scorpion is heavily wounded.
The scorpion barely misses you.
You hit the scorpion but do no damage.
The scorpion is heavily wounded.
The scorpion stings you.
You are poisoned.
The scorpion poisons you! You block the scorpion's attack.
You barely miss the scorpion.
The scorpion is heavily wounded.
You feel very sick. The scorpion stings you.
You are more poisoned.
The scorpion poisons you! The scorpion stings you.
You are lethally poisoned!
The scorpion poisons you!
You barely miss the scorpion.
The scorpion is heavily wounded.
You feel extremely sick. The scorpion stings you.
You are more poisoned.
The scorpion poisons you!
You hit the scorpion.
The scorpion is severely wounded.
* * * LOW HITPOINT WARNING * * *
You feel extremely sick. The scorpion stings you.
You die...

### ###############
.>. .$......s......
#.# #@####.## #.#
#........
#.###########.####.#.
#.##............#
#.##†########.#.#
#.......##.##.#)#
#.......##.<#.# #
#.......##.##.#.##
#.......##........


You could see a scorpion.

Vanquished Creatures
  An iguana (D:4)
  A gnoll (D:1)
  4 adders (D:3)
  A worm (D:2)
  An orc (D:3)
  7 endoplasms
  3 giant cockroaches
  8 goblins
  5 hobgoblins
  5 quokkas
  5 ball pythons
  3 bats
  4 frilled lizards
  2 kobolds (D:3)
  5 rats
55 creatures vanquished.

Notes
Turn   | Place    | Note
-------+----------+-------------------------------------------
     0 | D:1      | Descartes the Formicid Fighter began the quest for the Orb.
     0 | D:1      | Reached XP level 1. HP: 18/18 MP: 1/1
   116 | D:1      | Reached XP level 2. HP: 24/24 MP: 2/2
   209 | D:1      | Found Fyete's Weapon Emporium.
   306 | D:1      | Reached XP level 3. HP: 29/29 MP: 3/3
   497 | D:1      | Found a faded altar of an unknown god.
   514 | D:1      | Got Plato's Collected Works on Minerals
   545 | D:1      | Found Jossugou's Antique Weapon Shop.
   555 | D:1      | Found Geklath's Assorted Antiques.
  1611 | D:3      | Reached XP level 4. HP: 37/37 MP: 4/4
  2030 | D:3      | Found a shadowy altar of Dithmenos.
  2037 | D:3      | Reached XP level 5. HP: 42/42 MP: 5/5
  2088 | D:3      | Identified the +6 dagger "Dopaz" {heavy, *Rage rElec Will-
                  | SInv}
  2457 | D:4      | Reached skill level 5 in Shields
  2481 | D:4      | Slain by a scorpion

Illustrated notes

Levels and vault maps discovered:
D:1:      heliophobic_arrival_henge, layout_loops_ring,
          shapermc_ecumenical_altar_rom_forum, serial_shops, shop_statue, shop,
          shop
D:2:      layout_basic
D:3:      layout_basic, nicolae_overflow_crystal_walls, hangedman_glass_teeth,
          saegor_snake_ambush
D:4:      layout_basic

Skill      XL: |  1  2  3  4  5 |
---------------+----------------+-----
Fighting       | 4 |  4.2
Armour         | 4 |  4.2
Axes           | 3 |  3.0
Shields        | 5 |  5.0

Action                     |  1- 3 |  4- 6 || total
---------------------------+-------+-------++-------
  Melee: War axe           |    92 |    85 ||   177
 Armour: Scale mail        |    56 |    59 ||   115
  Dodge: Dodged            |    37 |    36 ||    73
  Block: Buckler           |    25 |    23 ||    48

Table legend: (Time is in decaauts)
 A = Elapsed time spent in this place.
 B = Non-inter-level travel time spent in this place.
 C = Inter-level travel time spent in this place.
 D = Time resting spent in this place.
 E = Time spent auto-exploring this place.
 F = Levels seen in this place.
 G = Mean time per level.
                   A        B        C        D        E       F      G
               +--------+--------+--------+--------+--------+-----+--------+
         Total |   2569 |   2457 |    112 |      0 |   1991 |   4 |  642.2 |
       Dungeon |   2569 |   2457 |    112 |      0 |   1991 |   4 |  642.2 |
               +--------+--------+--------+--------+--------+-----+--------+

Top non-repeatable levels by time:
     D:3: 939 daAuts
     D:1: 859 daAuts
     D:2: 722 daAuts
     D:4: 47 daAuts
